 Dungeon Crawl Stone Soup version 0.27.1-3-gb3d3a73c9e (webtiles) character file.

Game seed: 12804160494695870149

84 vatarom the Conjurer (level 4, -1/54 HPs)
             Began as a Draconian Conjurer on Oct 7, 2021.
             Succumbed to an orc's poison
             ... on level 2 of the Dungeon.
             The game lasted 00:03:00 (2099 turns).

vatarom the Conjurer (Draconian Conjurer)           Turns: 2099, Time: 00:03:01

Health: -1/54      AC: 22    Str: 10    XL:     4   Next: 23%
Magic:  8/8        EV:  2    Int: 19    God:
Gold:   18         SH:  0    Dex:  9    Spells: 2/8 levels left

rFire    . . .     SeeInvis .   f - +0 mace
rCold    . . .     Faith    .   (no shield)
rNeg     + + +     Spirit   .   (armour unavailable)
rPois    +         Reflect  .   (helmet currently unavailable)
rElec    .         Harm     .   (cloak currently unavailable)
rCorr    .         Rampage  .   (gloves currently unavailable)
Will     .....     NoTele   +   (boots currently unavailable)
Stlth    ++........             (no amulet)
HPRegen  0.18/turn              (no ring)
MPRegen  0.11/turn              (no ring)

@: lethally poisoned (-1 -> -24), tree-form
A: stationary, stasis, torment immunity, boosted hp, AC +5, unfitting armour,
(cold-blooded)
a: no special abilities


You were on level 2 of the Dungeon.
You were a tree.
You visited 1 branch of the dungeon, and saw 4 of its levels.

You collected 18 gold pieces.

Inventory:

Hand Weapons
 f - a +0 mace (weapon)
Missiles
 d - 44 stones
 e - 2 curare-tipped darts
Scrolls
 a - a scroll of enchant weapon {unknown}
 b - a scroll of identify {unknown}


   Skills:
 + Level 2.2 Fighting
 - Level 1.7 Dodging
 - Level 1.7 Stealth
 + Level 2.9 Spellcasting
 + Level 4.6 Conjurations


You had 2 spell levels left.
You knew the following spells:

 Your Spells              Type           Power      Damage    Failure   Level
a - Magic Dart            Conj           80%        1d7       2%          1
b - Searing Ray           Conj           40%        3d4       3%          2
c - Dazzling Flash        Conj/Hex       22%        N/A       19%         3

Your spell library contained the following spells:

 Spells                   Type           Power      Damage    Failure   Level
 Gell's Gravitas          Tloc           1%         N/A       43%         3
 Lesser Beckoning         Tloc           1%         N/A       43%         3
 Teleport Other           Tloc           2%         N/A       43%         3
 Fulminant Prism          Conj/Hex       5%         3d7       52%         4
 Iskenderun's Mystic Bla  Conj/Tloc      11%        2d4       52%         4


Dungeon Overview and Level Annotations

Branches:
Dungeon (4/15)
 Temple: D:4-7

Altars:


Innate Abilities, Weirdness & Mutations

You are a tree.
Your roots penetrate the ground, keeping you stationary.
You cannot be teleported.
You are immune to unholy pain and torment.
Your maximum health is greatly increased.
Your equipment is partially melded.
((Your plain brown scales are hard. (AC +5)))
You cannot fit into any form of body armour.
((You are cold-blooded and may be slowed by cold attacks.))


Message History

Found 20 stones.
Found 9 gold pieces.
There is a stone staircase leading up here.
You climb upwards.
The orc shouts!
Found 8 gold pieces.
Found an escape hatch in the ceiling.
Found a stone staircase leading down.
There is a stone staircase leading down here.
There are monsters nearby!
There are monsters nearby!
Found a scroll labelled KASEMESUSU.
A worm comes into view.
The orc hits you with a +3 dagger of venom.
The orc hits you but does no damage.
You are poisoned.
You feel very sick.
The orc hits you with a +3 dagger of venom.
You are more poisoned.
There is an escape hatch in the ceiling here.
Really go through this one-way escape hatch?
You feel very sick.
The orc hits you with a +3 dagger of venom.
You are lethally poisoned!
A mysterious force pulls you upwards. The hatch slams shut behind you.
* * * LOW HITPOINT WARNING * * *
You feel extremely sick.
Found a viscous silvery potion.
It was a potion of lignification.
You turn into a tree.
Your roots penetrate the ground.
* * * LOW HITPOINT WARNING * * *
You feel very sick. The orc hits you but does no damage.
You barely miss the orc.
* * * LOW HITPOINT WARNING * * *
You feel very sick.
The orc hits you with a +3 dagger of venom.
* * * LOW HITPOINT WARNING * * *
You are more poisoned.
You barely miss the orc.
You die...

#.!...# #.....# #.....# #
#.....#.# #.....#.#
#.....#.# #.o.....# ...#
#♣....... ...#
#.....########### ...+
+...÷.'.÷<....... ...#
#.....###########
#.#####.....#
#..........#####
##########.##.............
..........>.'.............
...........##.............


You could see an orc.

Vanquished Creatures
  A centaur skeleton (D:4)
  A hound skeleton (D:4)
  A dart slug (D:1)
  3 bats
  3 endoplasms (D:1)
  A giant cockroach (D:1)
  6 goblins (D:1)
  7 hobgoblins
  4 jackals
  5 ball pythons (D:1)
  A frilled lizard (D:1)
  3 kobolds (D:1)
  2 rats (D:1)
38 creatures vanquished.

Notes
Turn   | Place    | Note
-------+----------+-------------------------------------------
     0 | D:1      | vatarom the Draconian Conjurer began the quest for the Orb.
     0 | D:1      | Reached XP level 1. HP: 14/14 MP: 3/3
   568 | D:1      | Reached XP level 2. HP: 3/22 MP: 1/5
   572 | D:1      | Reached skill level 1 in Fighting
  1319 | D:1      | Reached XP level 3. HP: 14/28 MP: 1/6
  1322 | D:1      | Learned a level 2 spell: Searing Ray
  1480 | D:1      | Learned a level 3 spell: Dazzling Flash
  1918 | D:2      | You fall into a shaft and drop 2 floors!
  1931 | D:4      | Reached XP level 4. HP: 24/36 MP: 1/8
  2099 | D:2      | Succumbed to an orc's poison

Illustrated notes

Levels and vault maps discovered:
D:1:      noname_arrival_rooms_in_the_neighbourhood, layout_rooms
D:2:      layout_basic
D:3:      layout_loops_cross, eat_drink_and_be_merry_uskayaw, minitemple,
          hex_medium, lightli_corner_chamber, uniq_jessica
D:4:      layout_cave_pools

Skill      XL: |  1  2  3 |
---------------+----------+-----
Fighting       | 1 2 |  2.2
Dodging        | |  1.7
Stealth        | |  1.7
Spellcasting   | |  2.9
Conjurations   | |  4.6

Action                   |  1- 3 |  4- 6 || total
-------------------------+-------+-------++-------
Melee: Unarmed           |    13 |       ||    13
       Dagger            |    30 |       ||    30
       Tailslap          |     8 |       ||     8
       Mace              |    29 |     3 ||    32
 Cast: Magic Dart        |    70 |     6 ||    76
  Use: Potion            |     1 |     1 ||     2
Armor: Skin              |    49 |     3 ||    52
Dodge: Dodged            |    71 |     1 ||    72
